Patriotes vs Atomiques
Created - 29 décembre 2013 at 22:32
Goals
|
| Patriotes |
2 |
4 |
0 |
6 |
| Atomiques |
1 |
1 |
3 |
5 |
|
Shots
|
| Patriotes |
13 |
11 |
4 |
28 |
| Atomiques |
12 |
13 |
8 |
33 |
|
1st period
1. Patriotes , Davis Drewiske 3 (Brock Trotter, Philip Larsen) at 2:25
2. Atomiques , Brad Winchester 16 (Ryan Shannon) at 10:52
3. Patriotes , Brock Trotter 2 (Joe Charlebois, Joey MacDonald) at 17:48
Penalties :
John Carlson (STB) for Holding (Minor) at 0:03, Davis Drewiske (Nyc) for Boarding (Minor) at 0:03
2nd period
4. Patriotes , T.J Galiardi 14 (Davis Drewiske, Jared Boll) at 0:08
5. Atomiques , Linus Omark 20 (Alexandre Daigle, Mattias Ohlund) at 5:28
6. Patriotes , Tomas Kubalik 3 (Brett Skinner, Ryan White) at 14:36
7. Patriotes , Jared Boll 3 (T.J Galiardi, Cory Emmerton) at 15:18
8. Patriotes , Philip Larsen 1 (Ryan White) at 16:58
Penalties :
No Penalty
3rd period
9. Atomiques , Drew Larman 1 (Daniel Tjarnqvist, John Zeiler) at 2:26
10. Atomiques , Ryan Shannon 9 (Tyler Brenner) at 3:01
11. Atomiques , Brad Winchester 17 (Mattias Ohlund) at 3:38
Penalties :
Brandon Dubinsky (STB) for Hooking (Minor) at 3:46, Philip Larsen (Nyc) for Hooking (Minor) at 5:57, Ryan Shannon (STB) for Hooking (Minor) at 9:52, Joe Charlebois (Nyc) for Holding (Minor) at 16:39
Goalie Stats
Joey MacDonald (Nyc), 28 saves from 33 shots - (0,848), W, 8-7-3, 60:00 minutes
Andrew Raycroft (STB), 17 saves from 22 shots - (0,773), 35:18 minutes
Mark Dekanich (STB), 5 saves from 6 shots - (0,833), L, 4-8-2, 23:50 minutes
Players Stats for Patriotes
Player Name G A P +/- PIM S H SB GA TA FO MP PP MP PK MP
------------------------------------------------------------------------------------
Andreas Nodl 0 0 0 -1 0 3 2 0 1 1 1/4 22:42 2:03 1:59
Brett Skinner 0 1 1 2 0 0 3 1 0 3 0/0 29:51 1:57 2:09
Brock Trotter 1 1 2 0 0 3 0 0 0 0 0/1 12:34 0:00 1:05
Cameron Gaunce 0 0 0 -2 0 0 2 0 0 0 0/0 11:52 0:00 0:47
Christian Hanson 0 0 0 -1 0 2 2 0 1 0 15/31 21:38 2:03 2:06
Cory Emmerton 0 1 1 0 0 4 3 1 1 0 7/13 16:54 1:55 0:47
Davis Drewiske 1 1 2 2 2 1 3 1 0 0 0/0 26:42 1:57 1:29
Fedor Fedorov 0 0 0 -1 0 4 0 0 0 0 1/1 21:18 2:03 0:47
James Wright 0 0 0 0 0 0 2 0 0 0 1/4 12:21 0:00 1:12
Jared Boll 1 1 2 0 0 1 2 1 1 0 0/1 15:20 1:55 0:00
Joe Charlebois 0 1 1 2 2 0 1 1 1 1 0/0 19:10 2:01 1:02
Lauri Tukonen 0 0 0 -1 0 0 2 0 0 0 0/0 11:57 0:00 0:00
Liam Reddox 0 0 0 2 0 0 1 0 0 0 0/0 7:43 0:00 0:00
Philip Larsen 1 1 2 -2 2 1 0 2 0 0 0/0 11:49 0:00 0:00
Ryan White 0 2 2 2 0 3 1 0 0 0 0/1 7:43 0:00 0:00
Ryan Wilson 0 0 0 1 0 1 1 2 0 0 0/0 21:23 2:01 2:29
T.J Galiardi 1 1 2 0 0 3 1 0 1 0 0/1 15:20 1:55 0:00
Tomas Kubalik 1 0 1 2 0 2 1 0 0 0 0/0 7:43 0:00 0:00
Players Stats for Atomiques
Player Name G A P +/- PIM S H SB GA TA FO MP PP MP PK MP
------------------------------------------------------------------------------------
Alexandre Daigle 0 1 1 -1 0 3 2 1 1 1 1/1 23:49 1:49 2:06
Andrew Kozek 0 0 0 -1 0 0 1 0 0 0 0/0 8:23 0:00 1:00
Brad Winchester 2 0 2 3 0 4 2 0 0 0 1/2 18:16 1:48 2:06
Brandon Dubinsky 0 0 0 -1 2 2 4 0 0 1 20/32 20:22 2:10 0:32
Brett Sutter 0 0 0 -1 0 1 0 0 0 0 1/2 7:11 0:00 0:00
Casey Borer 0 0 0 -3 0 1 1 0 0 0 0/0 12:32 0:00 0:00
Daniel Tjarnqvist 0 1 1 -3 0 0 0 1 0 0 0/0 13:09 0:00 0:00
Drew Larman 1 0 1 -1 0 1 1 0 0 0 2/3 10:24 0:00 0:00
John Carlson 0 0 0 0 2 2 2 0 0 1 0/0 26:39 1:55 2:20
John Zeiler 0 1 1 -2 0 6 0 0 0 0 0/0 12:54 0:00 1:16
Kenndal McArdle 0 0 0 -1 0 2 0 0 0 0 0/0 12:15 0:00 0:27
Linus Omark 1 0 1 -1 0 2 0 0 1 0 1/1 19:39 2:10 0:00
Luke Schenn 0 0 0 1 0 2 2 1 0 2 0/0 20:34 2:03 1:38
Mattias Ohlund 0 2 2 1 0 3 2 0 1 0 0/0 28:29 1:55 2:20
Nick Johnson 0 0 0 -1 0 1 1 0 0 0 0/0 8:44 0:21 0:00
Ryan Shannon 1 1 2 2 2 2 1 0 2 0 0/0 16:44 1:48 0:29
Scott Jackson 0 0 0 1 0 1 1 1 0 1 0/0 18:59 2:03 1:38
Tyler Brenner 0 1 1 3 0 0 1 0 0 0 6/16 14:57 1:48 0:00
3 Stars
1 - Brad Winchester (STB)
2 - Davis Drewiske (Nyc)
3 - Jared Boll (Nyc)
Power Play
Patriotes - 0 on 2 Attempt(s) - 0,00%
Atomiques - 0 on 2 Attempt(s) - 0,00%
Penalty Kill
Patriotes - 2 on 2 Attempt(s) - 100,00%
- Score 0 goal in Penalty Kill
Atomiques - 2 on 2 Attempt(s) - 100,00%
- Score 0 goal in Penalty Kill
Official
Referees : Martell Rob and Auger Stephane
Linesman : Vaughan Rody and Dan Schachte
Game Notes
Mark Dekanich enters game at 15:18 of 2nd period
Finance
Level 1 -- Attendance: 1354 (67,70%) -- Ticket Income 47 390 $
Level 2 -- Attendance: 687 (68,70%) -- Ticket Income 10 305 $
Total Attendance: 2041 (68,03%)
Total Ticket Income: 57 695 $
Other Income: 2 885 $
Total Income: 60 580 $
Patriotes
5 vs 5 Forward
Center Left Wing Right Wing Time % Phy DF OF
1 Christian Hanson Fedor Fedorov Andreas Nodl 40 1 2 2
2 Cory Emmerton T.J Galiardi Jared Boll 30 1 2 2
3 James Wright Brock Trotter Lauri Tukonen 20 1 2 2
4 Ryan White Liam Reddox Tomas Kubalik 10 1 2 2
5 vs 5 Defense
Defense Defense Time % Phy DF OF
1 Brett Skinner Davis Drewiske 40 1 2 2
2 Ryan Wilson Joe Charlebois 30 1 2 2
3 Philip Larsen Cameron Gaunce 20 1 2 2
4 Brett Skinner Davis Drewiske 10 1 2 2
PowerPlay Forward
Center Left Wing Right Wing Time % Phy DF OF
1 Christian Hanson Fedor Fedorov Andreas Nodl 60 1 2 2
2 Cory Emmerton T.J Galiardi Jared Boll 40 1 2 2
PowerPlay Defense
Defense Defense Time % Phy DF OF
1 Brett Skinner Davis Drewiske 60 1 2 2
2 Ryan Wilson Joe Charlebois 40 1 2 2
Penalty Kill 4 Players Forward
Center Wing Time % Phy DF OF
1 Andreas Nodl Christian Hanson 60 1 2 2
2 Fedor Fedorov Cory Emmerton 40 1 2 2
Penalty Kill 4 Players Defense
Defense Defense Time % Phy DF OF
1 Brett Skinner Davis Drewiske 60 1 2 2
2 Ryan Wilson Joe Charlebois 40 1 2 2
Penalty Kill - 3 Players Forward
Forward Time % Phy DF OF
1 Andreas Nodl 60 1 2 2
2 Christian Hanson 40 1 2 2
Penalty Kill - 3 Players Defense
Defense Defense Time % Phy DF OF
1 Brett Skinner Davis Drewiske 60 1 2 2
2 Ryan Wilson Joe Charlebois 40 1 2 2
4 vs 4 Forward
Center Wing Time % Phy DF OF
1 Andreas Nodl Christian Hanson 60 1 2 2
2 Fedor Fedorov Cory Emmerton 40 1 2 2
4 vs 4 Defense
Defense Defense Time % Phy DF OF
1 Brett Skinner Davis Drewiske 60 1 2 2
2 Ryan Wilson Joe Charlebois 40 1 2 2
Last Minutes Offensive
Center Left Wing Right Wing Defense Defense
Christian Hanson Fedor Fedorov Andreas Nodl Brett Skinner Davis Drewiske
Last Minutes Defensive
Center Left Wing Right Wing Defense Defense
Christian Hanson Fedor Fedorov Andreas Nodl Brett Skinner Davis Drewiske
Goaltenders
Starting : Joey MacDonald
Backup : Jason Missiaen
Extra Forwards
Normal : Lauri Tukonen, Brock Trotter, James Wright - PP : Lauri Tukonen, Brock Trotter - PK : James Wright
Extra Defensemen
Normal : Philip Larsen, Cameron Gaunce, Ryan Wilson - PP : Philip Larsen - PK : Cameron Gaunce, Ryan Wilson
Penalty Shots
Andreas Nodl, Christian Hanson, Fedor Fedorov, Cory Emmerton, T.J Galiardi
Atomiques
5 vs 5 Forward
Center Left Wing Right Wing Time % Phy DF OF
1 Brandon Dubinsky Linus Omark Alexandre Daigle 40 1 2 2
2 Tyler Brenner Brad Winchester Ryan Shannon 30 1 2 2
3 Drew Larman Kenndal McArdle John Zeiler 20 1 2 2
4 Brett Sutter Andrew Kozek Nick Johnson 10 1 2 2
5 vs 5 Defense
Defense Defense Time % Phy DF OF
1 Mattias Ohlund John Carlson 40 1 2 2
2 Luke Schenn Scott Jackson 30 1 2 2
3 Casey Borer Daniel Tjarnqvist 20 1 2 2
4 Mattias Ohlund John Carlson 10 1 2 2
PowerPlay Forward
Center Left Wing Right Wing Time % Phy DF OF
1 Brandon Dubinsky Linus Omark Alexandre Daigle 60 1 2 2
2 Tyler Brenner Brad Winchester Ryan Shannon 40 1 2 2
PowerPlay Defense
Defense Defense Time % Phy DF OF
1 Mattias Ohlund John Carlson 60 1 2 2
2 Luke Schenn Scott Jackson 40 1 2 2
Penalty Kill 4 Players Forward
Center Wing Time % Phy DF OF
1 Brad Winchester Alexandre Daigle 60 1 2 2
2 Ryan Shannon John Zeiler 40 1 2 2
Penalty Kill 4 Players Defense
Defense Defense Time % Phy DF OF
1 Mattias Ohlund John Carlson 60 1 2 2
2 Luke Schenn Scott Jackson 40 1 2 2
Penalty Kill - 3 Players Forward
Forward Time % Phy DF OF
1 Brad Winchester 60 1 2 2
2 Alexandre Daigle 40 1 2 2
Penalty Kill - 3 Players Defense
Defense Defense Time % Phy DF OF
1 Mattias Ohlund John Carlson 60 1 2 2
2 Luke Schenn Scott Jackson 40 1 2 2
4 vs 4 Forward
Center Wing Time % Phy DF OF
1 Brad Winchester Alexandre Daigle 60 1 2 2
2 Ryan Shannon John Zeiler 40 1 2 2
4 vs 4 Defense
Defense Defense Time % Phy DF OF
1 Mattias Ohlund John Carlson 60 1 2 2
2 Luke Schenn Scott Jackson 40 1 2 2
Last Minutes Offensive
Center Left Wing Right Wing Defense Defense
Tyler Brenner Brad Winchester Alexandre Daigle Mattias Ohlund John Carlson
Last Minutes Defensive
Center Left Wing Right Wing Defense Defense
Tyler Brenner Brad Winchester Alexandre Daigle Mattias Ohlund John Carlson
Goaltenders
Starting : Andrew Raycroft
Backup : Mark Dekanich
Extra Forwards
Normal : Nick Johnson, Kenndal McArdle, Andrew Kozek - PP : Nick Johnson, Kenndal McArdle - PK : Andrew Kozek
Extra Defensemen
Normal : Luke Schenn, Daniel Tjarnqvist, Casey Borer - PP : Luke Schenn - PK : Daniel Tjarnqvist, Casey Borer
Penalty Shots
Brad Winchester, Alexandre Daigle, Ryan Shannon, John Zeiler, Linus Omark
% Time on Ice - Patriotes
Lines # - Real PCT - Wanted PCT - Time Play
Normal Forward
1 - 35% - 40% - 17:10
2 - 28% - 30% - 13:35
3 - 21% - 20% - 10:26
4 - 16% - 10% - 7:43
Normal Defense
1 - 40% - 40% - 19:25
2 - 31% - 30% - 15:00
3 - 22% - 20% - 10:37
4 - 8% - 10% - 3:52
PP Forward
1 - 52% - 60% - 2:03
2 - 48% - 40% - 1:55
PP Defense
1 - 49% - 60% - 1:57
2 - 51% - 40% - 2:01
PK Forward
1 - 80% - 60% - 3:11
2 - 20% - 40% - 0:47
PK Defense
1 - 37% - 60% - 1:29
2 - 63% - 40% - 2:29
PK3 Forward
1 - 0% - 60%
2 - 0% - 40%
PK3 Defense
1 - 0% - 60%
2 - 0% - 40%
44 Forward
1 - 52% - 60% - 1:02
2 - 48% - 40% - 0:57
44 Defense
1 - 65% - 60% - 1:17
2 - 35% - 40% - 0:42
Last Minute Offensive - 0:00
Last Minute Defensive - 1:11
Total
Forward - 60:00
Defense - 60:00
|
% Time on Ice - Atomiques
Lines # - Real PCT - Wanted PCT - Time Play
Normal Forward
1 - 36% - 40% - 17:46
2 - 28% - 30% - 13:32
3 - 21% - 20% - 10:24
4 - 15% - 10% - 7:11
Normal Defense
1 - 39% - 40% - 19:11
2 - 30% - 30% - 14:45
3 - 24% - 20% - 11:43
4 - 7% - 10% - 3:14
PP Forward
1 - 55% - 60% - 2:10
2 - 45% - 40% - 1:48
PP Defense
1 - 48% - 60% - 1:55
2 - 52% - 40% - 2:03
PK Forward
1 - 68% - 60% - 2:42
2 - 32% - 40% - 1:16
PK Defense
1 - 59% - 60% - 2:20
2 - 41% - 40% - 1:38
PK3 Forward
1 - 0% - 60%
2 - 0% - 40%
PK3 Defense
1 - 0% - 60%
2 - 0% - 40%
44 Forward
1 - 57% - 60% - 1:08
2 - 43% - 40% - 0:51
44 Defense
1 - 72% - 60% - 1:26
2 - 28% - 40% - 0:33
Last Minute Offensive - 1:12
Last Minute Defensive - 0:00
Total
Forward - 60:00
Defense - 60:00
|
Play by Play
1st period
0:01 of 1st period - Brandon Dubinsky wins face-off versus Christian Hanson in neutral zone.
0:03 of 1st period - Minor Penalty to John Carlson for Holding.
0:03 of 1st period - Minor Penalty to Davis Drewiske for Boarding.
0:04 of 1st period - Alexandre Daigle wins face-off versus Andreas Nodl in Patriotes zone.
1:48 of 1st period - Daniel Tjarnqvist is hit by Cameron Gaunce and loses puck.
2:03 of 1st period - Penalty to John Carlson is over, John Carlson is back on ice.
2:03 of 1st period - Penalty to Davis Drewiske is over, Davis Drewiske is back on ice.
2:25 of 1st period - Snap shot by Davis Drewiske.
2:25 of 1st period - Goal by Davis Drewiske - Patriotes : 1 - Atomiques : 0.
2:26 of 1st period - Brandon Dubinsky wins face-off versus T.J Galiardi in neutral zone.
2:33 of 1st period - Wrist shot by Linus Omark.
2:33 of 1st period - Shot Misses the Net.
2:35 of 1st period - Slapshot by Luke Schenn.
2:35 of 1st period - Stopped by Joey MacDonald with a rebound.
2:39 of 1st period - Snap shot by Linus Omark.
2:39 of 1st period - Shot Misses the Net.
3:14 of 1st period - Wrist shot by Brock Trotter.
3:14 of 1st period - Shot Misses the Net.
3:33 of 1st period - Snap shot by Cory Emmerton.
3:33 of 1st period - Shot Misses the Net.
3:35 of 1st period - Slapshot by Cory Emmerton.
3:35 of 1st period - Stopped by Andrew Raycroft with a rebound.
3:37 of 1st period - Wrist shot by Cory Emmerton.
3:37 of 1st period - Stopped by Andrew Raycroft with a rebound.
3:55 of 1st period - Wrist shot by Ryan White.
3:55 of 1st period - Stopped by Andrew Raycroft with a rebound.
4:15 of 1st period - Christian Hanson is hit by Brandon Dubinsky and loses puck.
4:42 of 1st period - Slapshot by Brad Winchester.
4:42 of 1st period - Shot Misses the Net.
4:48 of 1st period - Mattias Ohlund is hit by James Wright.
4:54 of 1st period - Snap shot by Brock Trotter.
4:54 of 1st period - Stopped by Andrew Raycroft with a rebound.
5:00 of 1st period - Brock Trotter is hit by Andrew Kozek and loses puck.
5:07 of 1st period - Slapshot by Mattias Ohlund.
5:07 of 1st period - Shot Misses the Net.
5:21 of 1st period - Slapshot by Cory Emmerton.
5:21 of 1st period - Stopped by Andrew Raycroft without a rebound.
5:22 of 1st period - Cory Emmerton wins face-off versus Tyler Brenner in Atomiques zone.
5:23 of 1st period - Wrist shot by T.J Galiardi.
5:23 of 1st period - Shot Misses the Net.
6:10 of 1st period - Wrist shot by Brett Skinner.
6:10 of 1st period - Shot Misses the Net.
6:12 of 1st period - Slapshot by Davis Drewiske.
6:12 of 1st period - Shot Misses the Net.
6:14 of 1st period - Snap shot by Brett Skinner.
6:14 of 1st period - Shot Blocked by Scott Jackson.
6:16 of 1st period - Wrist shot by Ryan White.
6:16 of 1st period - Deflect By Tomas Kubalik.
6:16 of 1st period - Stopped by Andrew Raycroft without a rebound.
6:17 of 1st period - Linus Omark wins face-off versus Christian Hanson in Atomiques zone.
7:14 of 1st period - Snap shot by Nick Johnson.
7:14 of 1st period - Stopped by Joey MacDonald without a rebound.
7:15 of 1st period - Fedor Fedorov wins face-off versus Brandon Dubinsky in Patriotes zone.
7:27 of 1st period - Wrist shot by Brandon Dubinsky.
7:27 of 1st period - Deflect By Alexandre Daigle.
7:27 of 1st period - Stopped by Joey MacDonald without a rebound.
7:28 of 1st period - Christian Hanson wins face-off versus Brandon Dubinsky in Patriotes zone.
7:53 of 1st period - Brett Skinner is hit by Scott Jackson and loses puck.
8:19 of 1st period - Snap shot by Tomas Kubalik.
8:19 of 1st period - Shot Misses the Net.
8:42 of 1st period - Slapshot by Davis Drewiske.
8:42 of 1st period - Shot Misses the Net.
8:48 of 1st period - Tomas Kubalik is hit by Brandon Dubinsky and loses puck.
8:59 of 1st period - Brad Winchester is hit by Brett Skinner and loses puck.
9:04 of 1st period - Slapshot by Andreas Nodl.
9:04 of 1st period - Stopped by Andrew Raycroft without a rebound.
9:05 of 1st period - Tyler Brenner wins face-off versus Christian Hanson in Atomiques zone.
9:05 of 1st period - Tyler Brenner is hit by Andreas Nodl.
9:13 of 1st period - Snap shot by Ryan Shannon.
9:13 of 1st period - Shot Misses the Net.
9:31 of 1st period - Philip Larsen is hit by Casey Borer and loses puck.
9:46 of 1st period - Wrist shot by Andreas Nodl.
9:46 of 1st period - Stopped by Andrew Raycroft without a rebound.
9:47 of 1st period - Brandon Dubinsky wins face-off versus Cory Emmerton in Atomiques zone.
9:52 of 1st period - Wrist shot by Cory Emmerton.
9:52 of 1st period - Stopped by Andrew Raycroft without a rebound.
9:53 of 1st period - Brandon Dubinsky wins face-off versus Jared Boll in Atomiques zone.
10:36 of 1st period - Backhand shot by Brandon Dubinsky.
10:36 of 1st period - Shot Blocked by Brett Skinner.
10:38 of 1st period - Snap shot by John Carlson.
10:38 of 1st period - Shot Misses the Net.
10:40 of 1st period - Slapshot by Mattias Ohlund.
10:40 of 1st period - Stopped by Joey MacDonald without a rebound.
10:41 of 1st period - Christian Hanson wins face-off versus Tyler Brenner in Patriotes zone.
10:52 of 1st period - Snap shot by Brad Winchester.
10:52 of 1st period - Goal by Brad Winchester - Patriotes : 1 - Atomiques : 1.
10:53 of 1st period - Christian Hanson wins face-off versus Brandon Dubinsky in neutral zone.
10:58 of 1st period - Icing by Luke Schenn.
10:59 of 1st period - Brandon Dubinsky wins face-off versus Christian Hanson in Atomiques zone.
11:06 of 1st period - Wrist shot by Alexandre Daigle.
11:06 of 1st period - Shot Misses the Net.
11:08 of 1st period - Slapshot by Luke Schenn.
11:08 of 1st period - Deflect By Alexandre Daigle.
11:08 of 1st period - Shot Misses the Net.
11:08 of 1st period - Puck is out of play.
11:09 of 1st period - Christian Hanson wins face-off versus Tyler Brenner in Patriotes zone.
11:49 of 1st period - Alexandre Daigle is hit by T.J Galiardi and loses puck.
12:22 of 1st period - Davis Drewiske is hit by Luke Schenn and loses puck.
12:35 of 1st period - Snap shot by Lauri Tukonen.
12:35 of 1st period - Deflect By Brock Trotter.
12:35 of 1st period - Shot Blocked by Luke Schenn.
12:35 of 1st period - Puck is out of play.
12:36 of 1st period - Christian Hanson wins face-off versus Brandon Dubinsky in Atomiques zone.
13:26 of 1st period - Wrist shot by Kenndal McArdle.
13:26 of 1st period - Stopped by Joey MacDonald without a rebound.
13:27 of 1st period - Christian Hanson wins face-off versus Brandon Dubinsky in Patriotes zone.
13:34 of 1st period - Wrist shot by Christian Hanson.
13:34 of 1st period - Deflect By Fedor Fedorov.
13:34 of 1st period - Shot Misses the Net.
13:34 of 1st period - Puck is out of play.
13:35 of 1st period - Brandon Dubinsky wins face-off versus Christian Hanson in Atomiques zone.
13:49 of 1st period - Snap shot by Linus Omark.
13:49 of 1st period - Shot Misses the Net.
14:25 of 1st period - Slapshot by Andreas Nodl.
14:25 of 1st period - Shot Misses the Net.
14:41 of 1st period - Slapshot by Linus Omark.
14:41 of 1st period - Shot Misses the Net.
14:49 of 1st period - Alexandre Daigle is hit by Christian Hanson and loses puck.
15:23 of 1st period - Brandon Dubinsky is hit by Brett Skinner and loses puck.
15:40 of 1st period - Slapshot by Alexandre Daigle.
15:40 of 1st period - Stopped by Joey MacDonald without a rebound.
15:41 of 1st period - Cory Emmerton wins face-off versus Tyler Brenner in Patriotes zone.
16:08 of 1st period - John Zeiler is hit by Lauri Tukonen and loses puck.
16:15 of 1st period - Lauri Tukonen is hit by Mattias Ohlund and loses puck.
17:48 of 1st period - Wrist shot by Brock Trotter.
17:48 of 1st period - Goal by Brock Trotter - Patriotes : 2 - Atomiques : 1.
17:49 of 1st period - Tyler Brenner wins face-off versus Cory Emmerton in neutral zone.
17:52 of 1st period - Snap shot by Brad Winchester.
17:52 of 1st period - Stopped by Joey MacDonald without a rebound.
17:53 of 1st period - Cory Emmerton wins face-off versus Tyler Brenner in Patriotes zone.
18:08 of 1st period - Backhand shot by T.J Galiardi.
18:08 of 1st period - Shot Misses the Net.
18:48 of 1st period - Slapshot by Mattias Ohlund.
18:48 of 1st period - Deflect By John Zeiler.
18:48 of 1st period - Stopped by Joey MacDonald without a rebound.
18:49 of 1st period - Cory Emmerton wins face-off versus Brandon Dubinsky in Patriotes zone.
18:49 of 1st period - Cory Emmerton is hit by Alexandre Daigle.
18:54 of 1st period - Off-side.
18:55 of 1st period - Brandon Dubinsky wins face-off versus Cory Emmerton in neutral zone.
18:58 of 1st period - Snap shot by Brandon Dubinsky.
18:58 of 1st period - Shot Misses the Net.
19:00 of 1st period - Snap shot by Alexandre Daigle.
19:00 of 1st period - Deflect By Linus Omark.
19:00 of 1st period - Shot Misses the Net.
19:00 of 1st period - Puck is out of play.
19:01 of 1st period - Christian Hanson wins face-off versus Tyler Brenner in Patriotes zone.
19:01 of 1st period - Christian Hanson is hit by Brad Winchester.
19:09 of 1st period - Snap shot by Fedor Fedorov.
19:09 of 1st period - Stopped by Andrew Raycroft without a rebound.
19:10 of 1st period - Christian Hanson wins face-off versus Tyler Brenner in Atomiques zone.
19:25 of 1st period - Snap shot by Fedor Fedorov.
19:25 of 1st period - Stopped by Andrew Raycroft without a rebound.
19:26 of 1st period - Brandon Dubinsky wins face-off versus Cory Emmerton in Atomiques zone.
19:39 of 1st period - Snap shot by Brandon Dubinsky.
19:39 of 1st period - Stopped by Joey MacDonald with a rebound.
19:41 of 1st period - Slapshot by John Carlson.
19:41 of 1st period - Deflect By Davis Drewiske.
19:41 of 1st period - Stopped by Joey MacDonald with a rebound.
19:51 of 1st period - Mattias Ohlund is hit by Brett Skinner.
19:57 of 1st period - Snap shot by John Zeiler.
19:57 of 1st period - Stopped by Joey MacDonald without a rebound.
19:58 of 1st period - James Wright wins face-off versus Tyler Brenner in Patriotes zone.
2nd period
0:01 of 2nd period - Cory Emmerton wins face-off versus Brandon Dubinsky in neutral zone.
0:04 of 2nd period - Snap shot by Jared Boll.
0:04 of 2nd period - Shot Misses the Net.
0:06 of 2nd period - Slapshot by Davis Drewiske.
0:06 of 2nd period - Shot Misses the Net.
0:08 of 2nd period - Slapshot by Davis Drewiske.
0:08 of 2nd period - Deflect By T.J Galiardi.
0:08 of 2nd period - Goal by T.J Galiardi - Patriotes : 3 - Atomiques : 1.
0:09 of 2nd period - Brandon Dubinsky wins face-off versus Christian Hanson in neutral zone.
1:38 of 2nd period - Brandon Dubinsky is hit by Tomas Kubalik.
1:42 of 2nd period - Ryan White is hit by Brandon Dubinsky and loses puck.
1:49 of 2nd period - Slapshot by Ryan Wilson.
1:49 of 2nd period - Deflect By Ryan White.
1:49 of 2nd period - Stopped by Andrew Raycroft with a rebound.
3:04 of 2nd period - Snap shot by T.J Galiardi.
3:04 of 2nd period - Stopped by Andrew Raycroft without a rebound.
3:05 of 2nd period - Brandon Dubinsky wins face-off versus James Wright in Atomiques zone.
3:05 of 2nd period - Brandon Dubinsky is hit by Lauri Tukonen.
3:44 of 2nd period - Slapshot by Alexandre Daigle.
3:44 of 2nd period - Shot Misses the Net.
4:17 of 2nd period - Backhand shot by Davis Drewiske.
4:17 of 2nd period - Shot Blocked by Alexandre Daigle.
5:20 of 2nd period - Snap shot by John Carlson.
5:20 of 2nd period - Shot Blocked by Davis Drewiske.
5:22 of 2nd period - Slapshot by John Carlson.
5:22 of 2nd period - Shot Misses the Net.
5:24 of 2nd period - Slapshot by Mattias Ohlund.
5:24 of 2nd period - Deflect By James Wright.
5:24 of 2nd period - Stopped by Joey MacDonald with a rebound.
5:28 of 2nd period - Wrist shot by Linus Omark.
5:28 of 2nd period - Goal by Linus Omark - Patriotes : 3 - Atomiques : 2.
5:29 of 2nd period - Christian Hanson wins face-off versus Tyler Brenner in neutral zone.
5:31 of 2nd period - Off-side.
5:32 of 2nd period - Tyler Brenner wins face-off versus Christian Hanson in neutral zone.
5:39 of 2nd period - Snap shot by Ryan Shannon.
5:39 of 2nd period - Stopped by Joey MacDonald with a rebound.
6:37 of 2nd period - Tyler Brenner is hit by Cameron Gaunce and loses puck.
6:42 of 2nd period - Snap shot by Christian Hanson.
6:42 of 2nd period - Shot Blocked by Daniel Tjarnqvist.
6:44 of 2nd period - Slapshot by Christian Hanson.
6:44 of 2nd period - Stopped by Andrew Raycroft with a rebound.
6:58 of 2nd period - Snap shot by T.J Galiardi.
6:58 of 2nd period - Shot Misses the Net.
7:12 of 2nd period - Snap shot by John Zeiler.
7:12 of 2nd period - Stopped by Joey MacDonald without a rebound.
7:13 of 2nd period - Christian Hanson wins face-off versus Drew Larman in Patriotes zone.
7:18 of 2nd period - Snap shot by John Zeiler.
7:18 of 2nd period - Shot Misses the Net.
7:20 of 2nd period - Snap shot by John Zeiler.
7:20 of 2nd period - Stopped by Joey MacDonald with a rebound.
8:05 of 2nd period - Davis Drewiske is hit by Ryan Shannon and loses puck.
9:14 of 2nd period - Off-side.
9:15 of 2nd period - Brett Sutter wins face-off versus James Wright in neutral zone.
9:26 of 2nd period - Wrist shot by Brock Trotter.
9:26 of 2nd period - Stopped by Andrew Raycroft without a rebound.
9:27 of 2nd period - Tyler Brenner wins face-off versus Andreas Nodl in Atomiques zone.
9:29 of 2nd period - Icing by Ryan Shannon.
9:30 of 2nd period - Tyler Brenner wins face-off versus Christian Hanson in Atomiques zone.
9:45 of 2nd period - Wrist shot by Brad Winchester.
9:45 of 2nd period - Stopped by Joey MacDonald without a rebound.
9:46 of 2nd period - Brandon Dubinsky wins face-off versus Cory Emmerton in Patriotes zone.
10:01 of 2nd period - Jared Boll is hit by Alexandre Daigle and loses puck.
10:22 of 2nd period - Snap shot by Andreas Nodl.
10:22 of 2nd period - Shot Misses the Net.
10:24 of 2nd period - Wrist shot by Christian Hanson.
10:24 of 2nd period - Stopped by Andrew Raycroft with a rebound.
10:36 of 2nd period - Wrist shot by John Zeiler.
10:36 of 2nd period - Shot Misses the Net.
10:38 of 2nd period - Slapshot by Mattias Ohlund.
10:38 of 2nd period - Stopped by Joey MacDonald with a rebound.
11:02 of 2nd period - Slapshot by Brett Sutter.
11:02 of 2nd period - Stopped by Joey MacDonald with a rebound.
11:04 of 2nd period - Snap shot by Nick Johnson.
11:04 of 2nd period - Shot Blocked by Ryan Wilson.
11:18 of 2nd period - Wrist shot by Brandon Dubinsky.
11:18 of 2nd period - Shot Misses the Net.
11:20 of 2nd period - Snap shot by Linus Omark.
11:20 of 2nd period - Stopped by Joey MacDonald with a rebound.
11:22 of 2nd period - Slapshot by Scott Jackson.
11:22 of 2nd period - Shot Blocked by Ryan Wilson.
11:24 of 2nd period - Snap shot by Linus Omark.
11:24 of 2nd period - Shot Blocked by Jared Boll.
11:36 of 2nd period - Icing by Joe Charlebois.
11:37 of 2nd period - Christian Hanson wins face-off versus Tyler Brenner in Patriotes zone.
11:42 of 2nd period - Slapshot by Ryan Wilson.
11:42 of 2nd period - Deflect By Ryan Shannon.
11:42 of 2nd period - Stopped by Andrew Raycroft without a rebound.
11:43 of 2nd period - Brandon Dubinsky wins face-off versus Christian Hanson in Atomiques zone.
12:13 of 2nd period - John Carlson is hit by Cory Emmerton and loses puck.
12:34 of 2nd period - Snap shot by John Zeiler.
12:34 of 2nd period - Stopped by Joey MacDonald with a rebound.
12:36 of 2nd period - Snap shot by Kenndal McArdle.
12:36 of 2nd period - Stopped by Joey MacDonald with a rebound.
12:38 of 2nd period - Slapshot by Scott Jackson.
12:38 of 2nd period - Stopped by Joey MacDonald with a rebound.
12:40 of 2nd period - Slapshot by Luke Schenn.
12:40 of 2nd period - Stopped by Joey MacDonald without a rebound.
12:41 of 2nd period - Brandon Dubinsky wins face-off versus Christian Hanson in Patriotes zone.
13:51 of 2nd period - Brad Winchester is hit by Cory Emmerton and loses puck.
14:36 of 2nd period - Wrist shot by Tomas Kubalik.
14:36 of 2nd period - Goal by Tomas Kubalik - Patriotes : 4 - Atomiques : 2.
14:37 of 2nd period - Cory Emmerton wins face-off versus Brandon Dubinsky in neutral zone.
15:18 of 2nd period - Wrist shot by Jared Boll.
15:18 of 2nd period - Goal by Jared Boll - Patriotes : 5 - Atomiques : 2.
15:18 of 2nd period - Mark Dekanich enters game.
15:19 of 2nd period - Brandon Dubinsky wins face-off versus Christian Hanson in neutral zone.
15:22 of 2nd period - Slapshot by Mattias Ohlund.
15:22 of 2nd period - Shot Misses the Net.
15:44 of 2nd period - Brock Trotter is hit by John Carlson and loses puck.
16:27 of 2nd period - Casey Borer is hit by Davis Drewiske and loses puck.
16:54 of 2nd period - Slapshot by Ryan White.
16:54 of 2nd period - Stopped by Mark Dekanich with a rebound.
16:56 of 2nd period - Slapshot by Philip Larsen.
16:56 of 2nd period - Shot Misses the Net.
16:58 of 2nd period - Slapshot by Philip Larsen.
16:58 of 2nd period - Goal by Philip Larsen - Patriotes : 6 - Atomiques : 2.
16:59 of 2nd period - Christian Hanson wins face-off versus Brandon Dubinsky in neutral zone.
17:24 of 2nd period - John Carlson is hit by Cory Emmerton and loses puck.
18:47 of 2nd period - Jared Boll is hit by Tyler Brenner.
18:59 of 2nd period - Daniel Tjarnqvist is hit by Ryan Wilson and loses puck.
3rd period
0:01 of 3rd period - Christian Hanson wins face-off versus Brandon Dubinsky in neutral zone.
0:10 of 3rd period - Snap shot by Linus Omark.
0:10 of 3rd period - Shot Misses the Net.
0:49 of 3rd period - Kenndal McArdle is hit by Ryan White and loses puck.
2:11 of 3rd period - Icing by John Zeiler.
2:12 of 3rd period - Drew Larman wins face-off versus Ryan White in Atomiques zone.
2:17 of 3rd period - Philip Larsen is hit by Drew Larman and loses puck.
2:24 of 3rd period - Wrist shot by Daniel Tjarnqvist.
2:24 of 3rd period - Shot Misses the Net.
2:26 of 3rd period - Snap shot by Drew Larman.
2:26 of 3rd period - Goal by Drew Larman - Patriotes : 6 - Atomiques : 3.
2:27 of 3rd period - Brandon Dubinsky wins face-off versus Christian Hanson in neutral zone.
2:59 of 3rd period - Wrist shot by Ryan Shannon.
2:59 of 3rd period - Shot Blocked by Cory Emmerton.
3:01 of 3rd period - Backhand shot by Ryan Shannon.
3:01 of 3rd period - Goal by Ryan Shannon - Patriotes : 6 - Atomiques : 4.
3:02 of 3rd period - Brandon Dubinsky wins face-off versus Christian Hanson in neutral zone.
3:11 of 3rd period - Snap shot by Brandon Dubinsky.
3:11 of 3rd period - Stopped by Joey MacDonald with a rebound.
3:38 of 3rd period - Snap shot by Brad Winchester.
3:38 of 3rd period - Goal by Brad Winchester - Patriotes : 6 - Atomiques : 5.
3:39 of 3rd period - Christian Hanson wins face-off versus Brandon Dubinsky in neutral zone.
3:42 of 3rd period - Brandon Dubinsky is hit by Davis Drewiske and loses puck.
3:46 of 3rd period - Minor Penalty to Brandon Dubinsky for Hooking.
3:47 of 3rd period - Brad Winchester wins face-off versus Christian Hanson in Atomiques zone.
3:58 of 3rd period - Fedor Fedorov is hit by Mattias Ohlund and loses puck.
5:36 of 3rd period - John Carlson is hit by Jared Boll and loses puck.
5:46 of 3rd period - Penalty to Brandon Dubinsky is over, Brandon Dubinsky is back on ice.
5:51 of 3rd period - Kenndal McArdle is hit by James Wright and loses puck.
5:57 of 3rd period - Minor Penalty to Philip Larsen for Hooking.
5:58 of 3rd period - Andreas Nodl wins face-off versus Brandon Dubinsky in Patriotes zone.
6:28 of 3rd period - Andreas Nodl is hit by Brad Winchester and loses puck.
7:57 of 3rd period - Penalty to Philip Larsen is over, Philip Larsen is back on ice.
8:02 of 3rd period - Brad Winchester is hit by Davis Drewiske and loses puck.
8:27 of 3rd period - Slapshot by John Carlson.
8:27 of 3rd period - Stopped by Joey MacDonald with a rebound.
8:45 of 3rd period - Snap shot by Brett Sutter.
8:45 of 3rd period - Shot Misses the Net.
8:47 of 3rd period - Wrist shot by Nick Johnson.
8:47 of 3rd period - Shot Misses the Net.
8:49 of 3rd period - Slapshot by Daniel Tjarnqvist.
8:49 of 3rd period - Shot Misses the Net.
8:51 of 3rd period - Snap shot by Casey Borer.
8:51 of 3rd period - Stopped by Joey MacDonald with a rebound.
9:07 of 3rd period - Kenndal McArdle is hit by Andreas Nodl and loses puck.
9:12 of 3rd period - Snap shot by Andreas Nodl.
9:12 of 3rd period - Shot Misses the Net.
9:36 of 3rd period - Jared Boll is hit by Brandon Dubinsky and loses puck.
9:52 of 3rd period - Minor Penalty to Ryan Shannon for Hooking.
9:53 of 3rd period - Christian Hanson wins face-off versus Brad Winchester in Atomiques zone.
10:18 of 3rd period - Luke Schenn is hit by Jared Boll and loses puck.
10:53 of 3rd period - John Zeiler is hit by Christian Hanson and loses puck.
11:28 of 3rd period - Icing by Ryan Wilson.
11:29 of 3rd period - Brandon Dubinsky wins face-off versus Christian Hanson in Patriotes zone.
11:52 of 3rd period - Penalty to Ryan Shannon is over, Ryan Shannon is back on ice.
12:54 of 3rd period - Wrist shot by Alexandre Daigle.
12:54 of 3rd period - Stopped by Joey MacDonald with a rebound.
13:07 of 3rd period - Off-side.
13:08 of 3rd period - Cory Emmerton wins face-off versus Brett Sutter in neutral zone.
13:17 of 3rd period - Wrist shot by Mattias Ohlund.
13:17 of 3rd period - Shot Blocked by Joe Charlebois.
13:40 of 3rd period - Wrist shot by Fedor Fedorov.
13:40 of 3rd period - Stopped by Mark Dekanich with a rebound.
13:42 of 3rd period - Snap shot by Fedor Fedorov.
13:42 of 3rd period - Stopped by Mark Dekanich without a rebound.
13:43 of 3rd period - Brandon Dubinsky wins face-off versus Brock Trotter in Atomiques zone.
14:33 of 3rd period - Slapshot by Kenndal McArdle.
14:33 of 3rd period - Shot Blocked by Philip Larsen.
14:35 of 3rd period - Slapshot by Mattias Ohlund.
14:35 of 3rd period - Shot Blocked by Philip Larsen.
14:37 of 3rd period - Slapshot by Drew Larman.
14:37 of 3rd period - Deflect By John Zeiler.
14:37 of 3rd period - Stopped by Joey MacDonald without a rebound.
14:38 of 3rd period - Brandon Dubinsky wins face-off versus Christian Hanson in Patriotes zone.
14:53 of 3rd period - Wrist shot by Andreas Nodl.
14:53 of 3rd period - Stopped by Mark Dekanich with a rebound.
15:13 of 3rd period - Ryan Wilson is hit by John Carlson and loses puck.
15:46 of 3rd period - Brett Sutter is hit by Liam Reddox and loses puck.
15:53 of 3rd period - Tomas Kubalik is hit by Nick Johnson and loses puck.
16:35 of 3rd period - Snap shot by T.J Galiardi.
16:35 of 3rd period - Stopped by Mark Dekanich without a rebound.
16:36 of 3rd period - Drew Larman wins face-off versus Cory Emmerton in Atomiques zone.
16:36 of 3rd period - Drew Larman is hit by Joe Charlebois.
16:39 of 3rd period - Minor Penalty to Joe Charlebois for Holding.
16:40 of 3rd period - Brandon Dubinsky wins face-off versus Andreas Nodl in Patriotes zone.
16:49 of 3rd period - Backhand shot by Linus Omark.
16:49 of 3rd period - Shot Misses the Net.
18:08 of 3rd period - Icing by Mattias Ohlund.
18:09 of 3rd period - Tyler Brenner wins face-off versus James Wright in Atomiques zone.
18:39 of 3rd period - Penalty to Joe Charlebois is over, Joe Charlebois is back on ice.
19:08 of 3rd period - Atomiques, Mark Dekanich is pulled from the net.
19:12 of 3rd period - Snap shot by Kenndal McArdle.
19:12 of 3rd period - Shot Misses the Net.
19:24 of 3rd period - Fedor Fedorov is hit by Luke Schenn and loses puck.
19:57 of 3rd period - Wrist shot by Kenndal McArdle.
19:57 of 3rd period - Shot Misses the Net.
Output by the SimonT Hockey Simulator (STHS) for François Prévost -- Original Page W3C XHTML 1.0 Valid